 Dungeon Crawl Stone Soup version 0.31.0-1-g2c135a0 (webtiles) character file.

Game seed: 4033079787090740770

3133 Selfless the Blocker (level 9, -12/70 HPs)
             Began as a Minotaur Berserker on Apr 9, 2024.
             Was a Priest of Trog.
             Mangled by a large abomination (25 damage)
             ... on level 1 of the Abyss.
             The game lasted 00:25:47 (6664 turns).

Selfless the Blocker (Minotaur Berserker)           Turns: 6664, Time: 00:25:48

Health: -12/70     AC: 11    Str: 30    XL:     9   Next: 61%
Magic:  8/8        EV:  8    Int:  4    God:    Trog [***...]
Gold:   395        SH: 20    Dex:  9    Spells: 8/8 levels left

rFire   + + .        E - +1 war axe
rCold   . . .        u - +4 tower shield of Cowardice {Str+3}
rNeg    . . .        v - +0 chain mail
rPois   .            (helmet restricted)
rElec   .            (no cloak)
rCorr   +            x - +2 pair of gloves
SInv    .            (no boots)
Will    +....        (no amulet) Stlth
                     G - ring of willpower
HPRegen 0.31/turn    q - ring of Gabenkit {rF++ rCorr}
MPRegen 0.11/turn

%: no passive effects
@: on berserk cooldown, slowed, very slow
A: horns 2, retaliatory headbutt
a: Renounce Religion, Berserk, Trog's Hand


You were on level 1 of the Abyss.
You worshipped Trog.
Trog was most pleased with you.
You visited 1 branch of the dungeon, and saw 8 of its levels.
You visited the Abyss 1 time.

You collected 395 gold pieces.

Inventory:

Hand Weapons
 E - a +1 war axe (weapon)
Missiles
 c - 5 darts of dispersal (quivered)
 r - 5 silver javelins
 s - 12 poisoned darts
 D - 17 boomerangs
Armour
 m - the +1 ring mail "Siwn" {Str+4 Int-3}
   (You found it on level 8 of the Dungeon)

   Str+4:     It affects your strength (+4).
   Int-3:     It affects your intelligence (-3).
 u - the +4 tower shield of Cowardice (worn) {Str+3}
   (You found it on level 3 of the Dungeon)

   Str+3:     It affects your strength (+3).
 v - a +0 chain mail (worn)
 x - a +2 pair of gloves (worn)
Jewellery
 k - a +6 ring of strength
 q - the ring of Gabenkit (right hand) {rF++ rCorr}
   (You found it on level 2 of the Dungeon)

   [ring of resist corrosion]

   rF++:      It greatly protects you from fire.
   rCorr:     It protects you from acid and corrosion.
 G - a ring of willpower (left hand)
Wands
 a - a wand of roots (8)
 C - a wand of mindburst (14)
Scrolls
 d - a scroll of poison
 e - 2 scrolls of fear
 f - a scroll of immolation
 t - 2 scrolls of vulnerability
 w - a scroll of enchant armour
 B - a scroll of noise
Potions
 b - 5 potions of curing
 g - a potion of mutation
 h - a potion of resistance
 i - 2 potions of might
 n - 5 potions of heal wounds
 A - a potion of attraction
 F - a potion of invisibility


   Skills:
 - Level 3.6 Fighting
 + Level 10.5 Axes
 - Level 2.4 Armour
 - Level 2.1 Dodging
 + Level 1.2 Stealth
 + Level 12.4 Shields


You had 8 spell levels left.
You didn't know any spells.
Your spell library was empty.

Dungeon Overview and Level Annotations

Branches:
Dungeon (8/15)             Temple (0/1) D:5
   Lair: D:8-11

Altars:
Ashenzari
Makhleb
Ru
Trog
Wu Jian

Annotations:
D:7 3 runed translucent doors, bob002's ghost, novice OpSh


Innate Abilities, Weirdness & Mutations

You have a pair of horns on your head.
You reflexively headbutt those who attack you in melee.


Message History

You slash the large abomination!
The large abomination is heavily damaged.
A deafening chorus of shrieks assaults your mind!
You suddenly lose the ability to move!
You can move again.
You hit the starcursed mass but do no damage.
You headbutt the starcursed mass, but do no damage.
The starcursed mass is heavily damaged.
The starcursed mass barely misses you. You furiously retaliate!
You headbutt the starcursed mass.
The starcursed mass shudders and is absorbed by its neighbour.
A starcursed mass splits.
A deafening chorus of shrieks assaults your mind!
A starcursed mass splits.
You slice the starcursed mass!! You headbutt the starcursed mass.
The starcursed mass is severely damaged.
The starcursed mass shudders and is absorbed by its neighbour.
A starcursed mass splits.
A deafening chorus of shrieks assaults your mind!
You block the large abomination's attack.
You hit the large abomination.
The large abomination is severely damaged.
You block the large abomination's attack.
The large abomination hits you.
You hit the large abomination but do no damage.
You headbutt the large abomination, but do no damage.
The large abomination is severely damaged.
A starcursed mass splits.
The large abomination barely misses you.
You furiously retaliate!
You headbutt the large abomination, but do no damage.
A deafening chorus of shrieks assaults your mind!
You hit the large abomination but do no damage.
You headbutt the large abomination.
The large abomination is severely damaged.
You block the large abomination's attack.
A deafening chorus of shrieks assaults your mind!
* * * LOW HITPOINT WARNING * * *
The large abomination hits you!!
You die...

. .# . ..#. #.
. .X# # # ##
####X####.####
.
##XXXXX@.......
#
#.###X#######.#
# #.###.# .. ..
. .# ...#.#X#
### ....ยงยง.#
....#X.X# .
#.#X# #X#X. ..
.


You could see 6 starcursed masses and a large abomination.

Vanquished Creatures
  A large abomination (Abyss:1)
  A hellwing (Abyss:1)
  2 hornets (D:7)
  A wyvern (D:7)
  2 small abominations (Abyss:1)
  Menkaure (D:7)
  A water moccasin (D:6)
  A black bear (D:5)
  A sky beast (D:6)
  2 ogres
  2 centaurs
  A phantom (D:7)
  A bullfrog (D:7)
  2 scorpions (D:7)
  2 howler monkeys (D:7)
  2 jellies
  2 orc priests
  5 hounds
  A gnoll bouda (D:7)
  3 iguanas
  3 orc wizards
  Robin (D:4)
  8 adders
  A shadow imp (D:8)
  2 white imps (D:5)
  8 ufetubi
  3 dart slugs (D:2)
  2 ribbon worms
  24 orcs
  5 endoplasms
  6 giant cockroaches
  12 goblins
  14 hobgoblins
  4 quokkas
  6 ball pythons
  12 bats
  8 kobolds
  10 rats
163 creatures vanquished.

Notes
Turn   | Place    | Note
-------+----------+-------------------------------------------
     0 | D:1      | Selfless the Minotaur Berserker began the quest for the
                  | Orb.
     0 | D:1      | Reached XP level 1. HP: 19/19 MP: 0/0
   237 | D:1      | Reached XP level 2. HP: 26/26 MP: 1/1
   942 | D:2      | Reached skill level 5 in Axes
   942 | D:2      | Reached XP level 3. HP: 30/31 MP: 2/2
  1052 | D:2      | Reached ** piety under Trog
  1247 | D:2      | Identified the ring of Gabenkit {rF++ rCorr}
  1621 | D:3      | Found a burning altar of Makhleb.
  1622 | D:3      | Found an ornate altar of the Wu Jian Council.
  1667 | D:3      | Reached XP level 4. HP: 39/39 MP: 3/3
  1805 | D:3      | Identified the +4 tower shield of Cowardice {Str+3}
  2163 | D:3      | Reached *** piety under Trog
  2393 | D:4      | Noticed Robin
  2405 | D:4      | Killed Robin
  2464 | D:4      | Reached XP level 5. HP: 45/45 MP: 4/4
  3041 | D:5      | Entered Level 5 of the Dungeon
  3087 | D:5      | Found a staircase to the Ecumenical Temple.
  3103 | D:5      | Noticed a black bear
  3107 | D:5      | Killed a black bear
  3108 | D:5      | Reached skill level 1 in Shields
  3108 | D:5      | Reached XP level 6. HP: 51/51 MP: 5/5
  3305 | D:5      | Reached skill level 2 in Shields
  3455 | D:5      | Reached skill level 3 in Shields
  3494 | D:5      | Reached XP level 7. HP: 55/57 MP: 6/6
  4050 | D:6      | Reached skill level 4 in Shields
  4348 | D:6      | Reached skill level 5 in Shields
  4525 | D:6      | Reached skill level 10 in Axes
  4525 | D:6      | Reached XP level 8. HP: 64/64 MP: 7/7
  4761 | D:6      | Reached skill level 6 in Shields
  4803 | D:7      | Found a bloodstained altar of Trog.
  4813 | D:7      | Found a sacrificial altar of Ru.
  4888 | D:7      | Found a broken altar of Ashenzari.
  4899 | D:7      | Found a runed translucent gate.
  4901 | D:7      | Found a runed translucent gate.
  4901 | D:7      | Noticed bob002's ghost (novice OpSh)
  4902 | D:7      | Noticed a kobold demonologist
  4902 | D:7      | Found a runed translucent gate.
  4954 | D:7      | Noticed Menkaure
  5034 | D:7      | Killed Menkaure
  5149 | D:7      | Noticed a hornet
  5165 | D:7      | Reached skill level 7 in Shields
  5229 | D:7      | Killed a hornet
  5230 | D:7      | Reached skill level 8 in Shields
  5396 | D:7      | Reached skill level 1 in Stealth
  5396 | D:7      | Reached skill level 9 in Shields
  5415 | D:7      | Noticed a hornet
  5422 | D:7      | Paralysed by a hornet for 3 turns
  5427 | D:7      | Paralysed by a hornet for 3 turns
  5434 | D:7      | Killed a hornet
  5435 | D:7      | Reached skill level 10 in Shields
  5696 | D:7      | Reached XP level 9. HP: 64/70 MP: 8/8
  6228 | D:8      | Identified the +1 ring mail "Siwn" {Str+4 Int-3}
  6246 | D:8      | Reached skill level 11 in Shields
  6422 | Abyss:1  | Cast into level 1 of the Abyss (orc wizard)
  6509 | Abyss:1  | Noticed a rust devil
  6567 | Abyss:1  | Noticed a large abomination
  6578 | Abyss:1  | Killed a large abomination
  6579 | Abyss:1  | Reached skill level 12 in Shields
  6632 | Abyss:1  | Noticed a hellwing
  6632 | Abyss:1  | Noticed a hellwing
  6634 | Abyss:1  | Noticed a purple draconian
  6634 | Abyss:1  | Noticed a starcursed mass
  6645 | Abyss:1  | Killed a hellwing
  6648 | Abyss:1  | Noticed a starcursed mass
  6653 | Abyss:1  | Noticed a large abomination
  6659 | Abyss:1  | Paralysed by accursed screaming for 1 turns
  6664 | Abyss:1  | Mangled by a large abomination

Illustrated notes

Levels and vault maps discovered:
D:1:      amcnicky_arrival_wind_blow, layout_rooms, serial_forest,
          infiniplex_forest_split, infiniplex_forest_straight_2,
          infiniplex_forest_split, infiniplex_forest_lined_ring,
          infiniplex_forest_clump_diagonal, infiniplex_forest_lined_room_,
          infiniplex_forest_straight_2, minivault_5
D:2:      layout_rooms
D:3:      layout_basic, gammafunk_temple_overflow_pools
D:4:      layout_gridville, uniq_robin
D:5:      layout_basic, minmay_temple_entry_tees, kennysheep_generic_room_13
D:6:      layout_basic, serial_curves, eino_curves_02, eino_curves_03
D:7:      layout_cave_pods, amethyst_overflow_temple_binary, old_standard_altar,
          gammafunk_ghost_nasty_kobolds, minmay_starry_boxes, uniq_menkaure
D:8:      layout_loops_cross, mainiacjoe_overflow_brackets,
          nemelex_diamond_rough_becter, hangedman_abyss_or_decor_stabs,
          hangedman_abyss_or_decor_stagger, david_defended_altar_orc,
          uniq_gastronok
Abyss:1:  base: D:6, eino_small_chamber_without_monster

Skill      XL: |  1  2  3  4  5  6  7  8  9 |
---------------+----------------------------+-----
Axes           | 4 5 6 7 8 10 | 10.5
Shields        | 1 3 5 10 12 | 12.4
Stealth        | 1 |  1.2
Fighting       | |  3.6
Armour         | |  2.4
Dodging        | |  2.1

Action                     |  1- 3 |  4- 6 |  7- 9 || total
---------------------------+-------+-------+-------++-------
  Melee: Hand axe          |    94 |    65 |       ||   159
         Headbutt          |    13 |    17 |    25 ||    55
         Trident           |       |    34 |   147 ||   181
         War axe           |       |       |    42 ||    42
 Invoke: Berserk           |       |     3 |    11 ||    14
         Trog's Hand       |       |     3 |    11 ||    14
    Use: Scroll            |       |       |    21 ||    21
 Armour: Animal skin       |    20 |       |       ||    20
         Scale mail        |    65 |    20 |       ||    85
         Chain mail        |       |    39 |   113 ||   152
  Dodge: Dodged            |    98 |    30 |    39 ||   167
  Block: Tower shield      |       |    79 |   265 ||   344
